 Dungeon Crawl Stone Soup version 0.26-a0-1139-g7d2dc893a1 (webtiles) character file.

Game seed: 6820730385796494957

114047 night the Frost Mage (level 16, -2/132 HPs)
             Began as a Demonspawn Monk on Dec 21, 2020.
             Was the Champion of Vehumet.
             Slain by a ghost moth (9 damage)
             ... on level 1 of the Spider Nest.
             The game lasted 02:07:06 (46959 turns).

night the Frost Mage (Demonspawn Monk)             Turns: 46959, Time: 02:07:07

Health: -2/132     AC: 14    Str:  7 (11) XL:     16   Next: 15%
Magic:  0/35       EV: 16    Int: 18 (19) God:    Vehumet [******]
Gold:   1674       SH:  7    Dex: 15 (20) Spells: 4/39 levels left

rFire    + . .     SeeInvis +     - Unarmed
rCold    + . .     Faith    +   m - +2 buckler
rNeg     + . .     Spirit   .   g - +3 leather armour {rF+}
rPois    .         Reflect  .   a - +2 helmet {SInv}
rElec    .         Harm     .   (no cloak)
rCorr    .         Rampage  +   J - +2 pair of gloves {archery}
Will     +....                  i - +0 pair of boots {rampage}
Stlth    +++.......             O - amulet of faith
HPRegen  0.32/turn              x - ring of positive energy
MPRegen  0.24/turn              U - +4 ring of evasion

@: mighty
A: talons 1, thin skeletal structure 1, clever 1, cold resistance 1, high mp 1,
powered by pain 2, augmentation 1, freezing cloud immunity, MP-powered wands
a: Renounce Religion


You were on level 1 of the Spider Nest.
You worshipped Vehumet.
Vehumet was exalted by your worship.
You visited 5 branches of the dungeon, and saw 25 of its levels.
You visited 1 bazaar.
You also visited: Gauntlet.

You collected 3097 gold pieces.
You spent 1423 gold pieces at shops.

Inventory:

Hand Weapons
 b - a +9 fustibalus of freezing
 E - the +9 staff of Olgreb {rPois∞}
   (You acquired it on level 14 of the Dungeon)

   It grants immunity to poison.
 W - a +4 broad axe of venom
Missiles
 f - 8 javelins
 r - 16 silver javelins
 t - 84 sling bullets
 u - 639 stones
 A - 35 boomerangs
 B - 71 poisoned darts (quivered)
 M - 5 curare-tipped darts
 Q - 8 datura-tipped darts
Armour
 a - a +2 helmet of see invisible (worn)
 g - a +3 leather armour of fire resistance (worn)
 h - a +2 hat of willpower
 i - a +0 pair of boots of rampaging (worn)
 m - a +2 buckler (worn)
 J - a +2 pair of gloves of archery (worn)
Magical Staves
 w - an uncursed staff of cold
Jewellery
 q - an uncursed ring of see invisible
 x - a ring of positive energy (left hand)
 G - an uncursed amulet of the acrobat
 O - an amulet of faith (around neck)
 U - a +4 ring of evasion (right hand)
 V - an uncursed ring of willpower
Wands
 n - a wand of digging (5)
 y - a wand of acid (5)
 S - a wand of iceblast (29)
Scrolls
 c - 19 scrolls of identify
 j - a scroll of enchant armour
 p - 3 scrolls of blinking
 s - 5 scrolls of teleportation
 v - 4 scrolls of fear
 H - a scroll of summoning {unknown}
 L - a scroll of fog
 P - 2 scrolls of amnesia
 R - 14 scrolls of remove curse
 T - 2 scrolls of magic mapping
Potions
 d - 3 potions of brilliance
 e - a potion of berserk rage
 k - a potion of heal wounds
 l - 3 potions of cancellation
 o - 5 potions of curing
 z - 9 potions of flight
 C - 5 potions of lignification
 D - 6 potions of haste
 F - 3 potions of resistance
 I - 3 potions of might
 N - a potion of magic
 X - 4 potions of invisibility
 Y - 3 potions of attraction
Miscellaneous
 Z - a phial of floods


   Skills:
 - Level 13.9 Fighting
 - Level 5.3 Slings
 - Level 7.2 Armour
 - Level 2.6 Dodging
 - Level 1.7 Stealth
 - Level 4.0 Shields
 - Level 11.0 Unarmed Combat
 + Level 12.0 Spellcasting
 - Level 2.9 Fire Magic
 * Level 14.0 Ice Magic
 - Level 3.3 Poison Magic


You had 4 spell levels left.
You knew the following spells:

 Your Spells              Type           Power        Failure   Level
a - Freeze                Ice            100%         1%          1
b - Frozen Ramparts       Ice            100%         1%          3
c - Ozocubu's Armour      Ice            57%          1%          3
d - Ozocubu's Refrigerat  Ice            28%          1%          6
e - Ignite Poison         Fire/Tmut/Pois 18%          3%          3
f - Summon Ice Beast      Ice/Summ       36%          4%          4
g - Iron Shot             Conj/Erth      5%           96%         6
h - Absolute Zero         Ice            28%          99%         9

Your spell library contained the following spells:

 Spells                   Type           Power        Failure   Level
 Shatter                  Erth           5%           100%        9
 Tornado                  Air            5%           100%        9
 Ensorcelled Hibernation  Hex/Ice        72%          1%          2
 Sandblast                Erth           20%          2%          1
 Inner Flame              Hex/Fire       16%          4%          3
 Dazzling Flash           Conj/Hex       20%          7%          3
 Corona                   Hex            11%          9%          1
 Summon Small Mammal      Summ           40%          9%          1
 Call Imp                 Summ           10%          14%         2
 Passwall                 Tmut/Erth      8%           14%         2
 Slow                     Hex            10%          14%         2
 Call Canine Familiar     Summ           10%          26%         3
 Confusing Touch          Hex            10%          26%         3
 Gell's Gravitas          Tloc           5%           26%         3
 Portal Projectile        Hex/Tloc       20%          26%         3
 Summon Guardian Golem    Hex/Summ       10%          26%         3
 Tukima's Dance           Hex            10%          26%         3
 Cause Fear               Hex            5%           65%         4
 Leda's Liquefaction      Hex/Erth       5%           65%         4
 Petrify                  Tmut/Erth      10%          65%         4
 Summon Lightning Spire   Summ/Air       10%          65%         4
 Metabolic Englaciation   Hex/Ice        18%          14%         5
 Fireball                 Conj/Fire      8%           32%         5
 Yara's Violent Unravell  Hex/Tmut       5%           50%         5
 Starburst                Conj/Fire      8%           85%         6
 Summon Demon             Summ           5%           94%         5
 Summon Forest            Summ/Tloc      5%           94%         5
 Malign Gateway           Summ/Tloc      5%           100%        7
 Ignition                 Fire           10%          100%        8


Dungeon Overview and Level Annotations

Branches:
Dungeon (15/15)            Temple (1/1) D:5            Lair (6/6) D:9
 Shoals (0/4) Lair:2       Spider (1/4) Lair:3        Slime (0/5) Lair:6
    Orc (2/2) D:9             Elf (0/3) Orc:2        Vaults (0/5) D:14
 Depths (0/5) D:15        Gauntlet (visited)

Altars:
Ashenzari
Cheibriados
Dithmenos
Elyvilon
Fedhas
Gozag
Hepliaklqana
Kikubaaqudgha
Makhleb
Nemelex Xobeh
Okawaru
Qazlal
Ru
Sif Muna
Trog
Uskayaw
Vehumet
Wu Jian
Xom
Yredelemnul
Zin
The Shining One
Beogh
Jiyva
Lugonu

Shops:
D:7 (   D:13 *   D:14 =   Orc:2 (!([

Annotations:
D:3 2 runed translucent doors, tilp's ghost, amateur OpTm
D:7 2 transporters, bmj180's ghost, novice DrCj
Lair:6 3 runed translucent doors, Dracia's ghost, journeyman TrMo


Innate Abilities, Weirdness & Mutations

You have sharp toenails.
You have a somewhat thin skeletal structure. (Dex +2, Stealth)
Your flesh is cold resistant. (rC+)
You sometimes gain power by taking damage.
Your magical and physical power is slightly enhanced at high health.
You are immune to freezing clouds.
Your mind is acute. (Int +2)
You have an increased reservoir of magic. (+10% MP)
You expend magic power (3 MP) to strengthen your wands.


Message History

* * * LOW HITPOINT WARNING * * *
You focus on the pain.
You feel mightier all of a sudden.
You feel weakened. The ghost moth closely misses you.
You barely miss the ghost moth.
The ghost moth is almost dead.
The ghost moth hits you!
* * * LOW HITPOINT WARNING * * *
The ghost moth hits you!
* * * LOW HITPOINT WARNING * * *
You feel clumsy. The ghost moth completely misses you.
You feel better. The ghost moth hits you.
* * * LOW HITPOINT WARNING * * *
You feel weakened. The ghost moth hits you!
* * * LOW HITPOINT WARNING * * *
The ghost moth stings you!
You die...

#######################
##..............#....^..
#.........#....##...#...
#.....?.....^.#.####...
#.............##.#.....
#.....#y.^........#.....
.......#@...#.....##.....
.y.....##..........#....#
....... ####......##.....
..$.... ###.....###...
....... #.....##..##
.#..... ##.........#.
...........##
.............
####...^.....


You could see a ghost moth (invisible, corroded).

Vanquished Creatures
  A ghost moth (Spider:1)
  An ironheart preserver (D:14)
  2 stone giants
  A minotaur (Gauntlet)
  A rakshasa (D:13)
  12 hydras
  5 boulder beetles
  Erica (D:8)
  6 centaur warriors
  2 death knights
  4 tengu warriors
  2 death yaks
  4 orc high priests (Orc:2)
  A thrashing horror (Gauntlet)
  Urug (D:13)
  4 two-headed ogres
  An unseen horror (D:15)
  A skeletal warrior (D:12)
  A wizard (D:14)
  2 phantasmal warriors
  3 orc knights
  6 oklob plants
  A necromancer (D:15)
  2 wolf spiders (Spider:1)
  5 orc sorcerers
  2 manticores
  16 ugly things
  5 cyclopes
  5 deep elf magi
  5 black mambas
  18 elephants
  Joseph (D:9)
  A naga mage (D:15)
  6 centaur zombies
  A torpor snail (shapeshifter) (D:15)
  A torpor snail (Lair:4)
  9 cane toads
  4 rime drakes
  11 komodo dragons
  A kobold demonologist (D:12)
  2 gargoyles
  2 freezing wraiths
  Maggie (D:9)
  3 demonic crawlers (D:15)
  A queen bee (Gauntlet)
  A tengu conjurer (D:14)
  5 trolls
  3 hornets (Lair:6)
  7 polar bears
  2 jumping spiders (Spider:1)
  3 meliai (D:15)
  15 blink frogs
  A meliai zombie (D:13)
  10 slime creatures
  2 dream sheep (Lair:6)
  A centaur simulacrum (D:15)
  14 spriggans (Lair:6)
  A water elemental (D:14)
  A tarantella (Spider:1)
  6 wraiths
  3 wyverns
  2 shadows (D:8)
  6 basilisks
  A human (shapeshifter) (D:15)
  36 yaks
  Grum (D:8)
  8 vampire mosquitoes
  3 small abominations (Gauntlet)
  3 soldier ants
  A two-headed ogre zombie (D:9)
  11 water moccasins
  38 orc warriors
  6 ice beasts
  4 sky beasts
  5 black bears
  2 necrophages
  7 ogres
  3 phantoms
  An eye of draining (D:13)
  4 boggarts (Lair:6)
  20 centaurs
  41 wolves
  14 bullfrogs
  A wyvern skeleton (D:10)
  3 water moccasin zombies
  5 scorpions
  2 troll zombies (D:9)
  12 killer bees
  7 howler monkeys
  11 wights
  2 electric eels
  A bullfrog zombie (D:10)
  11 hounds
  5 jellies
  32 orc priests
  7 centaur skeletons
  35 orc wizards
  2 bullfrog skeletons
  4 iguanas
  Natasha (twice) (D:2)
  13 worker ants
  5 ogre zombies (D:9)
  A hound skeleton (D:5)
  A howler monkey zombie (D:8)
  2 worker ant zombies
  15 adders
  7 gnolls
  2 shadow imps
  3 white imps
  An ufetubus (D:9)
  4 adder zombies
  5 worms
  2 adder skeletons (D:6)
  A dart slug (D:1)
  4 leopard geckos
  92 orcs
  4 giant cockroaches
  6 goblins
  6 hobgoblins
  10 jackals
  3 kobolds
  6 quokkas
  6 bats
  5 frilled lizards
  A giant cockroach zombie (D:6)
  A goblin skeleton (D:9)
  5 goblin zombies (D:9)
  A hobgoblin skeleton (D:9)
  2 hobgoblin zombies (D:9)
  A jackal skeleton (D:4)
  A jackal zombie (D:3)
  2 leopard gecko skeletons
  2 orc skeletons (D:9)
  14 orc zombies (D:9)
  9 rats
  4 bushes
  A butterfly (Lair:6)
847 creatures vanquished.

Vanquished Creatures (others)
  A shadow imp (D:9)
  70 fungi
  123 plants
194 creatures vanquished.

Grand Total: 1041 creatures vanquished

Notes
Turn   | Place    | Note
-------+----------+-------------------------------------------
     0 | D:1      | night the Demonspawn Monk began the quest for the Orb.
     0 | D:1      | Reached XP level 1. HP: 18/18 MP: 1/1
   286 | D:1      | Found an iron altar of Okawaru.
   499 | D:1      | Gained mutation: You sometimes gain a little power by
                  | taking damage. [demonic ancestry]
   499 | D:1      | Reached XP level 2. HP: 22/24 MP: 2/2
  1350 | D:2      | Noticed Natasha
  1362 | D:2      | Noticed a crimson imp
  1373 | D:2      | HP: 3/24 [Natasha (5)]
  1375 | D:2      | Killed Natasha
  1376 | D:2      | Reached XP level 3. HP: 4/30 MP: 3/3
  1944 | D:2      | Noticed Natasha
  1952 | D:2      | Killed Natasha
  1953 | D:2      | Reached XP level 4. HP: 35/37 MP: 4/4
  2017 | D:3      | Found a large runed translucent door.
  2017 | D:3      | Noticed an ogre
  2787 | D:3      | Reached XP level 5. HP: 32/43 MP: 5/5
  2955 | D:3      | Killed an ogre
  2956 | D:3      | Reached skill level 5 in Fighting
  2956 | D:3      | Gained mutation: Your flesh is cold resistant. (rC+)
                  | [demonic ancestry]
  2956 | D:3      | Reached XP level 6. HP: 38/51 MP: 6/6
  3032 | D:3      | Found a large runed translucent door.
  3033 | D:3      | Noticed tilp's ghost (amateur OpTm)
  3522 | D:4      | Reached skill level 5 in Unarmed Combat
  3942 | D:2      | Found a sacrificial altar of Ru.
  4152 | D:4      | Reached XP level 7. HP: 40/58 MP: 7/7
  4700 | D:5      | Entered Level 5 of the Dungeon
  4744 | D:5      | Identified the +8 hand axe of the Freezing Coward {flame,
                  | rN+ Stlth+}
  5211 | D:5      | Found a staircase to the Ecumenical Temple.
  5216 | Temple   | Entered the Ecumenical Temple
  5262 | Temple   | Became a worshipper of Vehumet
  5262 | Temple   | Reached * piety under Vehumet
  5262 | Temple   | Offered knowledge of Freeze by Vehumet.
  5262 | Temple   | Reached ** piety under Vehumet
  5279 | D:5      | Learned a level 1 spell: Freeze
  5410 | D:5      | Offered knowledge of Shock by Vehumet.
  5594 | D:5      | Found a broken altar of Ashenzari.
  5597 | D:5      | Found an ancient bone altar of Kikubaaqudgha.
  5657 | D:5      | Found a basalt altar of Yredelemnul.
  5736 | D:5      | Reached XP level 8. HP: 55/67 MP: 8/8
  6034 | D:6      | Reached skill level 1 in Ice Magic
  6803 | D:6      | Reached skill level 2 in Ice Magic
  6993 | D:4      | HP: 3/68 [orc warrior/cursed -1 short sword (13)]
  6995 | D:4      | HP: 1/68 [orc warrior/cursed -1 short sword (7)]
  7305 | D:6      | Reached skill level 3 in Ice Magic
  7431 | D:6      | Found a burning altar of Makhleb.
  7528 | D:6      | Offered knowledge of Inner Flame by Vehumet.
  7556 | D:6      | Gained mutation: You sometimes gain power by taking damage.
                  | [demonic ancestry]
  7556 | D:6      | Reached XP level 9. HP: 66/75 MP: 9/9
  7669 | D:6      | Reached skill level 4 in Ice Magic
  8190 | D:6      | Reached *** piety under Vehumet
  8642 | D:7      | HP: 9/75 [ice beast (5)]
  8934 | D:7      | Found a transporter.
  8934 | D:7      | Noticed bmj180's ghost (novice DrCj)
  8937 | D:7      | Noticed a troll
  9016 | D:7      | Found a transporter.
  9443 | D:7      | Reached skill level 5 in Ice Magic
  9654 | D:7      | Found an ornate altar of the Wu Jian Council.
  9664 | D:7      | Found an opulent altar of Gozag.
  9671 | D:7      | Found a stormy altar of Qazlal.
  9686 | D:7      | Found a shimmering altar of Xom.
  9693 | D:7      | Found a shimmering blue altar of Sif Muna.
  9797 | D:7      | Found a bloodstained altar of Trog.
  9804 | D:7      | Found a shadowy altar of Dithmenos.
  9849 | D:7      | Found a stormy altar of Qazlal.
  9975 | D:7      | Found Zupnoc's Antique Weapon Emporium.
  9986 | D:7      | Gained mutation: You are frail. (-10% HP) [potion of
                  | mutation]
  9986 | D:7      | Gained mutation: You possess an exceptional clarity of
                  | mind. [potion of mutation]
  9986 | D:7      | Gained mutation: Your mind is acute. (Int +2) [potion of
                  | mutation]
 10021 | D:7      | HP: 10/68 [orc warrior/+0 short sword (10)]
 10213 | D:7      | Bought a runed fustibalus for 396 gold pieces
 10329 | D:7      | Found an iron altar of Okawaru.
 10604 | D:8      | Offered knowledge of Airstrike by Vehumet.
 10821 | D:8      | Reached skill level 1 in Slings
 10988 | D:8      | Gained mutation: You have a somewhat thin skeletal
                  | structure. (Dex +2, Stealth) [demonic ancestry]
 10988 | D:8      | Reached XP level 10. HP: 27/74 MP: 10/10
 10988 | D:8      | Lost mutation: You are frail. (-10% HP) [potion of
                  | mutation]
 10988 | D:8      | Lost mutation: You possess an exceptional clarity of mind.
                  | [potion of mutation]
 10988 | D:8      | Gained mutation: You have sharp toenails. [potion of
                  | mutation]
 10988 | D:8      | Gained mutation: You expend magic power (3 MP) to
                  | strengthen your wands. [potion of mutation]
 10988 | D:8      | Gained mutation: You have an increased reservoir of magic.
                  | (+10% MP) [potion of mutation]
 11712 | D:8      | Noticed Erica
 11723 | D:8      | Killed Erica
 11724 | D:8      | Reached skill level 2 in Slings
 11724 | D:8      | Reached skill level 6 in Ice Magic
 12174 | D:8      | Noticed Grum
 12194 | D:8      | HP: 12/85 [Grum/+0 glaive (13)]
 12197 | D:8      | Killed Grum
 12198 | D:8      | Reached skill level 10 in Fighting
 12932 | D:9      | Reached **** piety under Vehumet
 12993 | D:9      | Found a staircase to the Lair.
 13060 | D:9      | Noticed a two-headed ogre
 13069 | D:9      | Killed a two-headed ogre
 13416 | D:9      | Found a staircase to the Orcish Mines.
 13418 | D:9      | Offered knowledge of Ignite Poison by Vehumet.
 14217 | D:9      | Noticed Maggie
 14408 | D:9      | Killed Maggie
 14430 | D:9      | Reached skill level 7 in Ice Magic
 14729 | D:9      | Noticed Joseph
 14736 | D:9      | Killed Joseph
 14737 | D:9      | Gained mutation: You are immune to freezing clouds.
                  | [demonic ancestry]
 14737 | D:9      | Reached XP level 11. HP: 64/92 MP: 12/12
 15016 | D:9      | Learned a level 3 spell: Ignite Poison
 15054 | D:10     | Entered Level 10 of the Dungeon
 15825 | D:10     | Reached skill level 1 in Fire Magic
 15825 | D:10     | Reached skill level 1 in Poison Magic
 15863 | D:10     | Noticed a two-headed ogre
 15877 | D:10     | Killed a two-headed ogre
 16112 | D:10     | Reached skill level 10 in Unarmed Combat
 16112 | D:10     | Reached skill level 2 in Poison Magic
 16268 | D:10     | Reached ***** piety under Vehumet
 16313 | D:10     | Reached skill level 2 in Fire Magic
 16524 | D:10     | Offered knowledge of Fulminant Prism by Vehumet.
 17104 | Lair:1   | Entered Level 1 of the Lair of Beasts
 17139 | D:9      | Reached skill level 5 in Slings
 17365 | Lair:1   | HP: 8/92 [elephant (17)]
 17655 | Lair:1   | HP: 13/92 [komodo dragon (22)]
 18434 | Lair:1   | Identified 3 scrolls of acquirement
 18434 | Lair:1   | Acquired the Papyrus of the Entourage and Ice
 18713 | Lair:1   | Learned a level 3 spell: Frozen Ramparts
 18713 | Lair:1   | Acquired a +0 pair of gloves of archery
 18724 | Lair:1   | Acquired the Tome of Ashen Malediction
 19035 | Lair:1   | Reached skill level 1 in Spellcasting
 19642 | Lair:1   | Reached skill level 2 in Spellcasting
 19932 | Lair:1   | Reached XP level 12. HP: 100/100 MP: 17/17
 19939 | Lair:1   | Learned a level 6 spell: Ozocubu's Refrigeration
 20700 | Lair:2   | Reached skill level 8 in Ice Magic
 20747 | Lair:2   | Noticed a four-headed hydra
 20747 | Lair:2   | Noticed a four-headed hydra
 20754 | Lair:2   | Killed a four-headed hydra
 20759 | Lair:2   | Killed a four-headed hydra
 21346 | Lair:2   | Found a staircase to the Shoals.
 21729 | Lair:2   | Noticed a four-headed hydra
 21730 | Lair:2   | Noticed a four-headed hydra
 21746 | Lair:2   | Killed a four-headed hydra
 21747 | Lair:2   | Reached skill level 5 in Spellcasting
 21747 | Lair:2   | Reached skill level 9 in Ice Magic
 21974 | Lair:2   | Killed a four-headed hydra
 22146 | Lair:2   | Noticed a boulder beetle
 22214 | Lair:2   | HP: 8/100 [boulder beetle (21)]
 22613 | Lair:2   | Killed a boulder beetle
 22800 | Lair:3   | Reached skill level 1 in Armour
 22810 | Lair:3   | Found a hole to the Spider Nest.
 22843 | Lair:3   | Noticed a five-headed hydra
 23045 | Lair:3   | Offered knowledge of Lightning Bolt by Vehumet.
 23226 | Lair:3   | Reached skill level 2 in Armour
 23298 | Lair:3   | Killed a five-headed hydra
 23399 | Lair:3   | Noticed a boulder beetle
 23410 | Lair:3   | Killed a boulder beetle
 23640 | Lair:3   | Acquired a +1 hat of willpower
 23867 | Lair:3   | Learned a level 3 spell: Ozocubu's Armour
 23884 | Lair:3   | Reached XP level 13. HP: 107/107 MP: 15/25
 24189 | Lair:4   | Reached skill level 12 in Fighting
 25054 | Lair:4   | Reached skill level 10 in Ice Magic
 25477 | Lair:4   | Found a shimmering altar of Xom.
 26035 | Lair:5   | Found a gate leading to a gauntlet.
 26063 | Gauntlet | Entered a Gauntlet
 26063 | Gauntlet | Found a transporter.
 26067 | Gauntlet | Found a transporter.
 26069 | Gauntlet | Found a transporter.
 26080 | Gauntlet | Found a transporter.
 26084 | Gauntlet | Found a transporter.
 26087 | Gauntlet | Found a runed translucent gate.
 26087 | Gauntlet | Found a runed translucent gate.
 26090 | Gauntlet | Found a runed translucent gate.
 26090 | Gauntlet | Found a transporter.
 26106 | Gauntlet | Found a transporter.
 26115 | Gauntlet | Identified the +7 dagger of Kilusab {drain, rPois rF++
                  | Will- Str+2}
 26116 | Gauntlet | Found a transporter.
 26126 | Gauntlet | Found a transporter.
 26136 | Gauntlet | Found a runed translucent door.
 26138 | Gauntlet | Found a runed translucent door.
 26140 | Gauntlet | Found a transporter.
 26157 | Gauntlet | Found a transporter.
 26163 | Gauntlet | Found a transporter.
 26164 | Gauntlet | Found a transporter.
 26211 | Gauntlet | Found a transporter.
 26378 | Gauntlet | Learned a level 4 spell: Summon Ice Beast
 26699 | Gauntlet | Noticed a minotaur
 26707 | Gauntlet | Killed a minotaur
 26772 | Gauntlet | Got a polished spear
 26772 | Gauntlet | Got a translucent ring mail
 27003 | Lair:5   | Identified the cursed +0 ring mail "Zixkala" {*Contam
                  | +Blink rF+ rN+} (You found it in a Gauntlet)
 27910 | Lair:5   | Reached skill level 5 in Armour
 29084 | Lair:6   | Entered Level 6 of the Lair of Beasts
 29522 | Lair:6   | Offered knowledge of Lee's Rapid Deconstruction by Vehumet.
 30167 | Lair:6   | Found a staircase to the Slime Pits.
 30169 | Lair:6   | Found a viscous altar of Jiyva.
 30467 | Lair:6   | Found a runed translucent gate.
 30468 | Lair:6   | Found a runed translucent gate.
 30491 | Lair:6   | Noticed Dracia's ghost (journeyman TrMo)
 30508 | Lair:6   | Mutation became permanent: You have sharp toenails.
                  | [demonic ancestry]
 30508 | Lair:6   | Gained mutation: You have sharp toenails. [demonic
                  | ancestry]
 30508 | Lair:6   | Reached XP level 14. HP: 116/116 MP: 9/28
 30652 | Lair:6   | Found a runed translucent gate.
 30772 | Lair:6   | Reached skill level 11 in Ice Magic
 32174 | Lair:6   | Identified the +5 spear of Yvvara {vorpal, Dex+7} (You
                  | found it in a Gauntlet)
 32340 | Lair:6   | Offered knowledge of Bolt of Magma by Vehumet.
 32732 | D:11     | Found a roughly hewn altar of Beogh.
 33670 | D:11     | Found a hazy altar of Hepliaklqana.
 33735 | D:11     | Offered knowledge of Iron Shot by Vehumet.
 35253 | D:12     | Learned a level 6 spell: Iron Shot
 35940 | D:13     | Found Juppaq's Assorted Antiques.
 36092 | D:13     | Bought a silver ring for 140 gold pieces
 36357 | D:13     | Noticed Urug
 36375 | D:13     | Killed Urug
 36712 | D:13     | Offered knowledge of Orb of Destruction by Vehumet.
 36781 | D:13     | HP: 9/119 [phantasmal warrior[a death knight] (23)]
 36789 | D:13     | HP: 3/119 [phantasmal warrior[a death knight] (26)]
 37272 | Orc:1    | Entered Level 1 of the Orcish Mines
 37272 | Orc:1    | Noticed a stone giant
 37710 | D:9      | Killed a stone giant
 37711 | D:9      | Reached skill level 12 in Ice Magic
 37711 | D:9      | Gained mutation: Your magical and physical power is
                  | slightly enhanced at high health. [demonic ancestry]
 37711 | D:9      | Reached XP level 15. HP: 42/125 MP: 9/31
 38385 | Orc:2    | Entered Level 2 of the Orcish Mines
 38420 | Orc:2    | Reached skill level 10 in Spellcasting
 38619 | Orc:2    | Found a flickering gateway to a bazaar.
 38641 | Bazaar   | Entered a bazaar
 38641 | Bazaar   | Found Gunoan's Weapon Emporium.
 38641 | Bazaar   | Found Roxymm's Antique Armour Shoppe.
 38641 | Bazaar   | Found Cugil's Assorted Antiques.
 38738 | Bazaar   | Found Yfajou's Distillery.
 38749 | Bazaar   | Bought a runed helmet for 127 gold pieces
 38749 | Bazaar   | Bought a dyed leather armour for 85 gold pieces
 38749 | Bazaar   | Bought a dyed leather armour for 85 gold pieces
 38755 | Bazaar   | Bought a potion of heal wounds for 85 gold pieces
 38755 | Bazaar   | Bought a potion of heal wounds for 85 gold pieces
 38761 | Bazaar   | Bought a thick glowing staff for 252 gold pieces
 38761 | Bazaar   | Bought a wand of acid (6) for 168 gold pieces
 39132 | Orc:2    | Reached ****** piety under Vehumet
 39355 | Orc:2    | Offered knowledge of Chain Lightning by Vehumet.
 39491 | Orc:2    | Found Tesuungu's Armour Shop.
 39492 | Orc:2    | Found Zoed's Distillery.
 39493 | Orc:2    | Found Uthul's Antique Weapon Boutique.
 39500 | Orc:2    | Found Betriby's Antique Weapon Shop.
 39945 | Orc:2    | Found a staircase to the Elven Halls.
 42122 | D:14     | Found Myesmuph's Jewellery Boutique.
 42316 | D:14     | Acquired the +9 staff of Olgreb {rPois∞}
 42317 | D:14     | Found the +9 staff of Olgreb {rPois∞}
 42360 | D:14     | Offered knowledge of Shatter by Vehumet.
 42360 | D:14     | Offered knowledge of Tornado by Vehumet.
 42360 | D:14     | Offered knowledge of Absolute Zero by Vehumet.
 42649 | D:14     | Learned a level 9 spell: Absolute Zero
 42684 | D:14     | Reached skill level 13 in Ice Magic
 43212 | D:14     | Found a gate to the Vaults.
 43960 | D:14     | Reached skill level 1 in Shields
 43961 | D:14     | Reached skill level 2 in Shields
 44371 | D:15     | Entered Level 15 of the Dungeon
 45674 | D:15     | Reached XP level 16. HP: 118/132 MP: 14/35
 46083 | D:15     | Found a staircase to the Depths.
 46391 | Spider:1 | Entered Level 1 of the Spider Nest
 46495 | Spider:1 | Reached skill level 12 in Spellcasting
 46926 | Spider:1 | Reached skill level 14 in Ice Magic
 46954 | Spider:1 | HP: 10/132 [ghost moth (12)]
 46959 | Spider:1 | HP: 19/132 [ghost moth (1)]
 46959 | Spider:1 | HP: 7/132 [ghost moth (12)]
 46959 | Spider:1 | Slain by a ghost moth

Illustrated notes

Levels and vault maps discovered:
D:1:      ncdulo_watergridlock, layout_loops_ring, okawaru_ov_weapons_minmay
D:2:      layout_loops_cross, nicolae_overflow_hidden_temple, uniq_natasha
D:3:      layout_loops_ring, ebering_ghost_disaster_area,
          palyth_stone_intersect, kennysheep_generic_room_15
D:4:      layout_basic
D:5:      layout_rooms, gammafunk_temple_overflow_forgotten, temple_doors_cd
D:6:      minmay_opposing_rooms, layout_basic, nicolae_overflow_crystal_walls,
          minmay_fractal_squares_diagonal_5
D:7:      layout_cave_pools, grunt_temple_overflow_octagram,
          general_overflow_altar, gammafunk_ghost_arena, serial_shops,
          nicolae_shop_behind_doors, grunt_qazlal_clouds
D:8:      layout_loops_ring, serial_bayou_ford_a, uniq_grum, uniq_erica
D:9:      layout_basic, lair_entry_dummy, zombieorc2_lemuel, uniq_joseph,
          uniq_maggie
D:10:     layout_irregular_city, minivault_20
D:11:     layout_roguey [special_room_orc], basic_altar, minivault_25_ag,
          minmay_librarian
D:12:     layout_small_grid, minmay_misc_feat_nine_boxes
D:13:     layout_basic, serial_shops, kennysheep_mini_moat, uniq_urug
D:14:     layout_loops_cross, skrybe_vaults_entry_preservation,
          nicolae_water_bricks, serial_shops, nicolae_shop_stone
D:15:     grunt_enter_depths_magical_seal, layout_rooms, grunt_decor_clamped,
          small_chamber_with_monster, einodemon_crawler_minivault
Temple:   corrupted_temple
Lair:1:   layout_cave_pods, grunt_megastairs_5, lemuel_fruit_tree
Lair:2:   layout_regular_city, minmay_shoals_entry_centaurs,
          minmay_shattered_shrine
Lair:3:   layout_gridlike, spider_nest_entry_web_field
Lair:4:   layout_cave_pods, lemuel_oklob_altar, serial_bayou_shore_a
Lair:5:   layout_roguey, gauntlet_entry_generic, chequers_serial_rivers_room_a,
          dpeg_oklob_1, serial_bayou_shore_b, infiniplex_staircase_pool_2,
          minmay_lair_oklob_chamber
Lair:6:   minmay_lair_end_enchanted_forest, layout_cellular_growth,
          slime_altar_1, gammafunk_ghost_icy, grunt_megastairs_1,
          lemuel_fruit_fields
Spider:1: layout_spider_delve, drop_trap
Orc:1:    layout_caves, enter_volcano_1, nicolae_orc_lava_room
Orc:2:    st_orc_mages, layout_caves, serial_shops, bzr_entry_dummy

Skill      XL: |  1  2  3  4  5  6  7  8  9 10 11 12 13 14 15 16 |
---------------+-------------------------------------------------+-----
Unarmed Combat | 3 4 5 6 7 8 9 10 11 | 11.0
Fighting       | 4 5 6 7 8 9 10 11 12 13 | 13.9
Ice Magic      | 3 5 7 9 10 12 13 14 | 14.0
Slings         | 1 4 5 |  5.3
Fire Magic     | 2 |  2.9
Poison Magic   | 3 |  3.3
Spellcasting   | 2 6 8 9 11 12 | 12.0
Armour         | 2 5 7 |  7.2
Shields        | 4 |  4.0
Dodging        | |  2.6
Stealth        | |  1.7

Action                   |  1- 3 |  4- 6 |  7- 9 | 10-12 | 13-15 | 16-18 || total
-------------------------+-------+-------+-------+-------+-------+-------++-------
Melee: Unarmed           |   129 |   276 |   636 |   492 |   426 |    53 ||  2012
       Punch             |     2 |     4 |    25 |    17 |    28 |       ||    76
       Kick              |       |       |       |   179 |    12 |       ||   191
       Staff             |       |       |       |       |    13 |    21 ||    34
       Broad axe         |       |       |       |       |     2 |     7 ||     9
 Fire: Fustibalus        |       |       |       |   151 |   140 |       ||   291
Throw: Boomerang         |       |     1 |       |       |       |       ||     1
       Dart              |       |       |     1 |    25 |       |       ||    26
 Cast: Freeze            |       |       |    50 |    39 |    29 |       ||   118
       Frozen Ramparts   |       |       |       |     9 |     2 |       ||    11
       Ignite Poison     |       |       |       |     4 |     3 |       ||     7
       Ozocubu's Refrige |       |       |       |    42 |   397 |    17 ||   456
       Ozocubu's Armour  |       |       |       |       |     3 |       ||     3
       Summon Ice Beast  |       |       |       |       |     3 |       ||     3
Evoke: Wand              |       |       |     3 |    21 |    12 |     3 ||    39
       Staff of Olgreb   |       |       |       |       |    10 |     5 ||    15
  Use: Potion            |     1 |     1 |    11 |     7 |     2 |     3 ||    25
       Scroll            |     8 |       |     1 |    18 |    24 |       ||    51
 Stab: Sleeping          |     3 |     1 |     5 |     5 |     5 |       ||    19
       Distracted        |       |     1 |       |     2 |     3 |       ||     6
       Paralysed         |       |       |       |     2 |       |       ||     2
       Invisible         |       |       |       |     1 |       |       ||     1
Armor: Robe              |     4 |       |       |       |       |       ||     4
       Scale mail        |    27 |    12 |       |     8 |       |       ||    47
       Chain mail        |    13 |       |       |       |       |       ||    13
       Ring mail         |       |    60 |   127 |       |   117 |       ||   304
       Skin              |       |       |     6 |       |       |       ||     6
       Leather armour    |       |       |    69 |    97 |    85 |    44 ||   295
Dodge: Dodged            |    60 |   134 |   371 |   337 |   410 |    95 ||  1407
Block: Buckler           |       |       |       |       |    42 |    47 ||    89

Table legend: (Time is in decaauts)
 A = Elapsed time spent in this place.
 B = Non-inter-level travel time spent in this place.
 C = Inter-level travel time spent in this place.
 D = Time resting spent in this place.
 E = Time spent auto-exploring this place.
 F = Levels seen in this place.
 G = Mean time per level.
                   A        B        C        D        E       F      G
               +--------+--------+--------+--------+--------+-----+--------+
         Total |  46690 |  44357 |   2333 |  16878 |  20275 |  27 | 1729.3 |
       Dungeon |  28075 |  26887 |   1188 |   9660 |  12765 |  15 | 1871.7 |
        Temple |     59 |     47 |     12 |      0 |     28 |   1 |   59.0 |
          Lair |  14872 |  14001 |    871 |   6166 |   5905 |   6 | 2478.7 |
   Spider Nest |    322 |    322 |      0 |     98 |    141 |   1 |  322.0 |
  Orcish Mines |   2322 |   2062 |    260 |    527 |   1094 |   2 | 1161.0 |
        Bazaar |    137 |    137 |      0 |     95 |      9 |   1 |  137.0 |
      Gauntlet |    899 |    899 |      0 |    331 |    333 |   1 |  899.0 |
               +--------+--------+--------+--------+--------+-----+--------+

Top non-repeatable levels by time:
  Lair:1: 3183 daAuts
  Lair:6: 3098 daAuts
     D:9: 3030 daAuts
  Lair:5: 2701 daAuts
    D:13: 2469 daAuts
  Lair:2: 2468 daAuts
     D:8: 2467 daAuts
    D:12: 2110 daAuts
    D:10: 2050 daAuts
     D:6: 2000 daAuts
     D:7: 1944 daAuts
    D:14: 1873 daAuts
    D:11: 1830 daAuts
    D:15: 1819 daAuts
  Lair:4: 1779 daAuts
